 Dungeon Crawl Stone Soup version 0.29-a0-284-gf9362112df (webtiles) character file.

Game seed: 1165599511731785564

172 spiderkeys the Ducker (level 5, -1/28 HPs)
             Began as a Spriggan Abyssal Knight on Mar 26, 2022.
             Was a Priest of Lugonu.
             Slain by a black bear (2 damage)
             ... on level 4 of the Dungeon.
             The game lasted 00:07:22 (3999 turns).

spiderkeys the Ducker (Spriggan Abyssal Knight)     Turns: 3999, Time: 00:07:23

Health: -1/28      AC:  4    Str:  9    XL:     5   Next: 27%
Magic:  9/9        EV: 19    Int: 12    God:    Lugonu [***...]
Gold:   146        SH:  0    Dex: 17    Spells: 4/8 levels left

rFire   . . .      SeeInvis +   a - +1 short sword (vorpal)
rCold   . . .      Faith    .   (no shield)
rNeg    . . .      Spirit   .   e - +0 robe
rPois   .          Reflect  .   (helmet restricted)
rElec   .          Harm     .   u - +1 cloak
rCorr   .          Rampage  .   (gloves unavailable)
Will    .....                   (boots unavailable)
Stlth   +++.......              (no amulet)
HPRegen 0.09/turn               (no ring)
MPRegen 0.11/turn               (no ring)

@: about to teleport, very quick
A: very small, no large weapons, unfitting armour, see invisible, speed 3
a: Renounce Religion, Depart the Abyss, Bend Space, Banish


You were on level 4 of the Dungeon.
You worshipped Lugonu.
Lugonu was most pleased with you.
You visited 1 branch of the dungeon, and saw 4 of its levels.
You visited the Abyss 1 time.

You collected 146 gold pieces.


Innate Abilities, Weirdness & Mutations

You are very small and have problems with some larger weapons.
You are too small for most types of armour.
You have supernaturally acute eyesight. (SInv)
You cover ground extremely quickly. (Speed+++)


   Skills:
 + Level 3.2 Fighting
 - Level 2.3 Short Blades
 + Level 4.6 Dodging
 + Level 3.8 Stealth
 - Level 2.0 Spellcasting
 + Level 1.5 Hexes
 - Level 1.7 Invocations


You had 4 spell levels left.
You knew the following spells:

 Your Spells              Type           Power      Damage    Failure   Level
c - Cause Fear            Hex            2%         N/A       82%         4

Your spell library contained the following spells:

 Spells                   Type           Power      Damage    Failure   Level
 Beastly Appendage        Tmut           2%         N/A       26%         1
 Static Discharge         Conj/Air       1%         N/A       38%         2
 Wereblood                Tmut           1%         N/A       38%         2
 Inner Flame              Hex/Fire       3%         N/A       52%         3
 Summon Guardian Golem    Hex/Summ       3%         N/A       52%         3
 Spider Form              Tmut/Pois      1%         N/A       63%         3
 Lightning Bolt           Conj/Air       0%         1d11      100%        5
 Orb of Destruction       Conj           0%         9d5       100%        7
 Spellforged Servitor     Conj/Summ      0%         N/A       100%        7
 Discord                  Hex            2%         N/A       100%        8
 Maxwell's Capacitive Co  Air            0%         ∞         100%        8

Inventory:

Hand Weapons
 a - a +1 vorpal short sword (weapon)
 b - a +0 hunting sling
   (You found it on level 1 of the Dungeon)
 i - a +1 long sword of holy wrath
   (You found it on level 1 of the Dungeon)
 s - the +3 trident of Yhiosos {protect, Dex+4}
   (You found it on level 4 of the Dungeon)

   It grants its wielder temporary protection when it strikes (+7 to AC).
   Dex:       It affects your dexterity (+4).
Missiles
 c - 39 stones
 n - 2 boomerangs
Armour
 e - a +0 robe (worn)
 u - a +1 cloak (worn)
   (You found it on level 4 of the Dungeon)
Jewellery
 F - a ring of fire
   (You found it on level 3 of the Dungeon)
Scrolls
 k - 3 scrolls of identify {@r1}
 r - a scroll of immolation {!r!r}
Potions
 f - a potion of ambrosia {unknown}
 g - 2 potions of heal wounds {unknown}
 h - 2 potions of degeneration {unknown}
 j - a potion of mutation {unknown}
 t - a potion of curing {unknown}

Dungeon Overview and Level Annotations

Branches:
Dungeon (4/15)
 Temple: D:4-7

Altars:
Okawaru
Wu Jian

Annotations:
D:3 1 runed translucent door, Crazy Yiuf

...###.....####...# #
...###.....# #...# .#
...........####.?.###.#
...........#..........#
##.........#..........#
.....#................#
..#...##..............###
.###.....................
................@h......#
.).).#...........c......#
.._..##.................#
.).).#..........#####+###
.)..........$.....
.###..............#
..#..............h#
...................
.......#..........


You could see a black bear and a centaur.


Message History

Your hp is fully restored (28).
You see here a hound corpse.
Key pressed, stopping explore.
You open the door.
There is an open door here.
Key pressed, stopping explore.
As you open the door, it creaks loudly!
There is an open door here.
You open the large door.
There is a large open door here.
There is a large open door here.
A black bear comes into view.
You open the large door.
There is a large open door here.
Found a stone staircase leading down.
u - a +0 cloak You start putting on your armour.
You continue putting on your +0 cloak. x4
You finish putting on your +0 cloak.
You drop a +0 robe. x3
A ball python comes into view.
The helpless ball python fails to defend itself.
You impale the ball python!!
You kill the ball python!
Lugonu accepts your kill.
There is an open door here.
A centaur comes into view.
The centaur shouts!
You hear an angry growl.
The centaur wields a +0 shortbow.
The centaur shoots an arrow.
The arrow hits you. 😕 HP[-2]
You take 2 damage, and now have 26/28 hp.
You barely miss the centaur.
The centaur unwields a +0 shortbow.
The centaur closely misses you. The centaur misses you. The centaur hits you.
The centaur misses you. 😕 HP[-4]
You take 4 damage, and now have 22/28 hp.
You hit the centaur. The centaur completely misses you.
The centaur kicks you but does no damage.
You hit the centaur but do no damage. The centaur barely misses you.
The centaur kicks you. The centaur hits you.
The centaur completely misses you. 😮 HP[-3]
You take 3 damage, and now have 19/28 hp.
You completely miss the centaur. The centaur closely misses you. x2
You barely miss the centaur. The centaur barely misses you.
The centaur misses you. The centaur hits you.
* * * LOW HITPOINT WARNING * * *
The centaur barely misses you. 😨 HP[-5]
You take 5 damage, and now have 14/28 hp.
You hit the centaur but do no damage. The centaur hits you.
* * * LOW HITPOINT WARNING * * *
The centaur kicks you.
* * * LOW HITPOINT WARNING * * *
😱 HP[-7]
You take 7 damage, and now have 7/28 hp.
MASSIVE DAMAGE!! (PAUSE)
Okay, then.
Press: ? - help, Shift-Dir - straight line, f - centaur
Aim: a centaur (lightly wounded, chance to affect: 80%)
Okay, then.
As you read the scroll labelled DACZOUPS HARIE, it crumbles to dust.
It is a scroll of identify.
r - a scroll of immolation The centaur closely misses you.
The centaur kicks you but does no damage.
The centaur hits you but does no damage.
The centaur misses you.
Okay, then.
The black bear bites you but does no damage.
The black bear claws you.
* * * LOW HITPOINT WARNING * * *
The black bear misses you. 😱 HP[-1]
You take 1 damage, and now have 6/28 hp.
As you read the scroll labelled JOGOQU USEGUWO, it crumbles to dust.
It is a scroll of brand weapon.
Your +1 short sword emits a brilliant flash of light!
a - a +1 vorpal short sword (weapon)
The black bear bites you but does no damage.
The black bear claws you.
* * * LOW HITPOINT WARNING * * *
The black bear claws you but does no damage.
The centaur completely misses you.
The centaur closely misses you. 😱 HP[-2]
You take 2 damage, and now have 4/28 hp.
As you read the scroll labelled WOTSIR ROFE, it crumbles to dust.
It is a scroll of enchant armour.
Your +0 cloak glows green for a moment.
The centaur misses you. The centaur completely misses you.
The black bear bites you but does no damage.
The black bear claws you but does no damage.
The black bear barely misses you. The centaur completely misses you.
The centaur kicks you.
* * * LOW HITPOINT WARNING * * *
😱 HP[-3]
You take 3 damage, and now have 1/28 hp.
As you read the scroll labelled ZONOIXZ VURO, it crumbles to dust.
You feel strangely unstable.
It was a scroll of teleportation.
The black bear bites you.
You die...

Skill      XL: |  1  2  3  4 |
---------------+-------------+-----
Stealth        | 1 2 3 |  3.8
Spellcasting   | 1 2 |  2.0
Dodging        | 4 |  4.6
Fighting       | 3 |  3.2
Hexes          | 1 |  1.5
Short Blades   | |  2.3
Invocations    | |  1.7

Action                   |  1- 3 |  4- 6 || total
-------------------------+-------+-------++-------
Melee: Short sword       |    80 |    76 ||   156
       Punch             |     1 |     1 ||     2
 Fire: Hunting sling     |    42 |    15 ||    57
  Use: Scroll            |       |     4 ||     4
 Stab: Sleeping          |     3 |     5 ||     8
Armor: Robe              |     8 |    11 ||    19
Dodge: Dodged            |    73 |    68 ||   141

Levels and vault maps discovered:
D:1:      eino_arrival_tree_alley, layout_basic,
          hellmonk_ecumenical_altar_pennies_from_heaven, nrook_mini_backslash
D:2:      layout_basic
D:3:      layout_basic, mainiacjoe_overflow_boulevard, uniq_crazy_yiuf_cottage
D:4:      layout_basic, okawaru_ov_weapons_minmay, serial_glass,
          glass_columns_a, glass_columns_a, glass_columns_a, glass_columns_a,
          glass_columns_a

Notes
Turn   | Place    | Note
-------+----------+-------------------------------------------
     0 | Abyss:1  | spiderkeys the Spriggan Abyssal Knight began the quest for
                  | the Orb.
     0 | Abyss:1  | Reached XP level 1. HP: 11/11 MP: 3/3
     0 | Abyss:1  | magus.rc [v1.11.3]
    29 | D:1      | You pass through the gate.
    29 | D:1      | Escaped the Abyss
   117 | D:1      | You pick up a book of Hexes and begin reading...
   117 | D:1      | You add the spells Inner Flame, Cause Fear and Discord to
                  | your library.
   248 | D:1      | Reached skill level 1 in Stealth
   336 | D:1      | Reached XP level 2. HP: 13/16 MP: 4/4
   842 | D:1      | Reached skill level 1 in Spellcasting
   946 | D:1      | Found a faded altar of an unknown god.
  1365 | D:2      | Reached XP level 3. HP: 15/19 MP: 5/5
  1394 | D:2      | Reached skill level 2 in Stealth
  1517 | D:2      | Reached *** piety under Lugonu
  1577 | D:2      | Reached skill level 4 in Dodging
  1966 | D:2      | Reached XP level 4. HP: 15/23 MP: 7/7
  2208 | D:2      | Reached skill level 3 in Fighting
  2394 | D:2      | You pick up a book of Dangerous Friends and begin
                  | reading...
  2394 | D:2      | You add the spells Summon Guardian Golem, Orb of
                  | Destruction and Spellforged Servitor to your library.
  2400 | D:2      | Learned a level 4 spell: Cause Fear
  2501 | D:3      | Found an ornate altar of the Wu Jian Council.
  2520 | D:3      | Reached skill level 2 in Spellcasting
  2765 | D:3      | You pick up a book of Lightning and begin reading...
  2765 | D:3      | You add the spells Static Discharge, Lightning Bolt and
                  | Maxwell's Capacitive Coupling to your library.
  2793 | D:3      | Reached skill level 3 in Stealth
  2896 | D:3      | Found a runed translucent door.
  2897 | D:3      | Noticed Crazy Yiuf
  3151 | D:3      | Reached skill level 1 in Hexes
  3447 | D:4      | Reached XP level 5. HP: 28/28 MP: 9/9
  3459 | D:4      | You pick up a book of Changes and begin reading...
  3459 | D:4      | You add the spells Beastly Appendage, Wereblood and Spider
                  | Form to your library.
  3503 | D:4      | Found an iron altar of Okawaru.
  3542 | D:4      | Identified the +2 pair of gloves "Rusig" {rF+}
  3620 | D:4      | Identified the +3 trident of Yhiosos {protect, Dex+4}
  3853 | D:4      | Noticed a black bear
  3982 | D:4      | Noticed a centaur
  3994 | D:4      | HP: 7/28 [centaur (1)]
  3998 | D:4      | HP: 1/28 [centaur (3)]
  3999 | D:4      | Slain by a black bear

Vanquished Creatures
  A hound (D:4)
  An orc priest (D:3)
  3 gnolls (D:2)
  2 adders
  A worm (D:3)
  3 orcs (D:3)
  7 ball pythons
  6 endoplasms
  10 goblins
  5 hobgoblins
  2 jackals (D:1)
  4 quokkas
  6 bats
  A frilled lizard (D:1)
  4 kobolds
  3 rats (D:1)
59 creatures vanquished.

Vanquished Creatures (others)
  2 fungi (D:3)
2 creatures vanquished.

Grand Total: 61 creatures vanquished

Table legend:
 A = Non-vault XP
 B = Vault XP
 C = Vault XP percentage of total XP
 D = Non-vault monster count
 E = Vault monster count
 F = Vault count percentage of total count
                 A         B        C        D         E       F
            +---------+---------+-------+---------+---------+-------
      Total |     247 |       0 |   0.0 |      59 |       0 |   0.0
            +---------+---------+-------+---------+---------+-------
        D:1 |      40 |       0 |   0.0 |      24 |       0 |   0.0
        D:2 |      79 |       0 |   0.0 |      17 |       0 |   0.0
        D:3 |      76 |       0 |   0.0 |      12 |       0 |   0.0
        D:4 |      52 |       0 |   0.0 |       6 |       0 |   0.0
            +---------+---------+-------+---------+---------+-------

Illustrated notes

Table legend:
 A = Kills in this place as a percentage of kills in entire the game.
 B = Kills by you in this place as a percentage of kills by you in the entire game.
 C = Kills by friends in this place as a percentage of kills by friends in the entire game.
 D = Other kills in this place as a percentage of other kills in the entire game.
 E = Experience gained in this place as a percentage of experience gained in the entire game.
 F = Experience gained in this place divided by the number of levels of this place that you have seen.
                   A       B       C       D       E      F
               +-------+-------+-------+-------+-------+----------------------
         Total | 100.0 | 100.0 |   N/A |   N/A | 100.0 |  49.4
       Dungeon | 100.0 | 100.0 |   N/A |   N/A | 100.0 |  61.8
               +-------+-------+-------+-------+-------+----------------------

Table legend: (Time is in decaauts)
 A = Elapsed time spent in this place.
 B = Non-inter-level travel time spent in this place.
 C = Inter-level travel time spent in this place.
 D = Time resting spent in this place.
 E = Time spent auto-exploring this place.
 F = Levels seen in this place.
 G = Mean time per level.
                   A        B        C        D        E       F      G
               +--------+--------+--------+--------+--------+-----+--------+
         Total |   3034 |   2956 |     78 |    192 |   2223 |   5 |  606.8 |
       Dungeon |   3016 |   2938 |     78 |    192 |   2209 |   4 |  754.0 |
         Abyss |     17 |     17 |      0 |      0 |     13 |   1 |   17.0 |
               +--------+--------+--------+--------+--------+-----+--------+

Top non-repeatable levels by time:
     D:1: 997 daAuts
     D:2: 863 daAuts
     D:3: 750 daAuts
     D:4: 406 daAuts
 Abyss:1: 17 daAuts
